 Dungeon Crawl Stone Soup version 0.20.1-1-g8b1a95d (webtiles) character file.

53 Irenicus the Insei (level 3, -7/26 HPs)
             Began as an Octopode Chaos Knight on Oct 27, 2017.
             Mangled by a shadow (26 damage)
             ... summoned by the capriciousness of Xom
             ... on level 2 of the Dungeon.
             The game lasted 00:02:18 (1341 turns).

Irenicus the Insei (Octopode Chaos Knight)          Turns: 1341, Time: 00:02:19

Health: -7/26      AC:  1    Str: 11    XL:     3   Next: 87%
Magic:  3/3        EV: 13    Int: 14    God:    Xom [..*...]
Gold:   102        SH:  0    Dex: 12    Spells: 2/2 levels left

rFire    . . .     SeeInvis .     - Unarmed
rCold    . . .     Gourm    .   (no shield)
rNeg     . . .     Faith    .   (helmet restricted)
rPois    .         Spirit   .   (no amulet)
rElec    .         Reflect  .   (no ring)
rCorr    .         Harm     .   (no ring)
MR       .....                  (no ring)
Stlth    ++........             (no ring)
Regen    0.1/turn               (no ring)
MPRegen  0.1/turn               (no ring)
                                (no ring)
                                (no ring)

@: no status effects
A: almost no armour, stealthy swim, amphibious, 8 rings, constrict 8, camouflage
1, gelatinous body 1
a: Renounce Religion


You were on level 2 of the Dungeon.
You worshipped Xom.
You were a toy of Xom.
You were not hungry.

You visited 1 branch of the dungeon, and saw 2 of its levels.

You collected 102 gold pieces.

Inventory:

Scrolls
 b - 2 scrolls of magic mapping {unknown}
 c - 2 scrolls of remove curse {unknown}
 d - a scroll of enchant armour {unknown}
 e - a scroll of teleportation {unknown}
 h - a scroll of identify {unknown}
Potions
 g - a potion of heal wounds {unknown}
Comestibles
 a - 3 bread rations
 f - a royal jelly
 i - 2 chunks of flesh


   Skills:
 - Level 3.0 Fighting
 - Level 2.3 Dodging
 + Level 4.6 Unarmed Combat


You had 2 spell levels left.
You didn't know any spells.

Dungeon Overview and Level Annotations

Branches:
Dungeon (2/15)

Altars:


Innate Abilities, Weirdness & Mutations

You cannot wear most types of armour.
You are very stealthy in the water. (Stealth+)
You are amphibious.
You can wear up to eight rings at the same time.
You can use your tentacles to constrict eight enemies at once.
Your skin changes colour to match your surroundings (Stealth+).
Your rubbery body absorbs attacks. (AC +1, EV +1)


Message History

(D) Dungeon
Where to? (Enter - D:2, ? - help) Xom is getting BORED.
You can't go down here!
(D) Dungeon
Where to? (Enter - D:2, ? - help)
There is a stone staircase leading down here.
You climb downwards.
There is a stone staircase leading up here.
You are now a BORING thing.
Xom's attention turns to you for a moment.
Flickering shadows surround you.
You are now a toy of Xom.
The shadow hits you!
The shadow slips into darkness.
The shadow flickers and vanishes!
Deactivating autopickup; reactivate with Ctrl-A.
The shadow strikes at you from the darkness!
Ouch! That really hurt!
You die...

#.#####.# #.# #..
###.#####.. ##..........
############# #...........
#...........# #.....####..
#.#########.# #.#...# #..
#.# #######.######.#...# #..
#.# #.......@.<....#...# #.>
#####.###.###.#######.<#...#
#.. #.........# #.# #†##...#
#.. #.###.##### #.# #.##...#
#.. #.......# #W#
#.†....####.. #.#####.# #.#
#.##......... #.# #.# #.#
#............ #.#
#.#####.#######.##.#####.#.
#.# #...............##.#
#...


There were no monsters in sight!

Vanquished Creatures
  3 worms (D:2)
  A dart slug (D:2)
  3 leopard geckos
  7 bats
  3 giant cockroaches (D:1)
  3 goblins
  5 hobgoblins
  4 kobolds (D:2)
  A quokka (D:2)
  A ball python (D:2)
  6 rats
37 creatures vanquished.

Notes
Turn   | Place    | Note
-------+----------+-------------------------------------------
     0 | D:1      | Irenicus the Octopode Chaos Knight began the quest for the Orb.
     0 | D:1      | Reached XP level 1. HP: 16/16 MP: 1/1
   122 | D:1      | Reached XP level 2. HP: 6/21 MP: 2/2
   396 | D:1      | XOM: harmless Fire miscast
   417 | D:1      | XOM: potion effect (heal wounds)
   521 | D:1      | You fall through a shaft!
   526 | D:2      | Reached skill level 4 in Unarmed Combat
   574 | D:2      | XOM: silly message
   591 | D:2      | Reached XP level 3. HP: 26/26 MP: 3/3
   794 | D:2      | XOM: noise
  1331 | D:2      | XOM is BORED!
  1331 | D:2      | XOM: medium Necr miscast
  1332 | D:2      | Noticed a shadow
  1332 | D:2      | Noticed a shadow
  1341 | D:2      | Mangled by a shadow

Skill      XL: |  1  2 |
---------------+-------+-----
Unarmed Combat | 4 |  4.6
Fighting       | |  3.0
Dodging        | |  2.3

Action                   || total
-------------------------++-------
Melee: Unarmed           ||    86
       Constrict         ||    25
       Tentacles         ||    12
       Punch             ||     2
 Stab: Sleeping          ||    12
  Eat: Chunk             ||     1
Armor: Skin              ||     8
Dodge: Dodged            ||    54
